 Dungeon Crawl Stone Soup version 0.23-a0-147-g7935be9 (webtiles) character file.

9361 taqueso the Slicer (level 11, -4/96 HPs)
             Began as an Octopode Assassin on Sept 6, 2018.
             Was a Priest of Trog.
             Slain by a killer bee (9 damage)
             ... on level 10 of the Dungeon on Sept 7, 2018.
             The game lasted 00:25:43 (11326 turns).

taqueso the Slicer (Octopode Assassin)             Turns: 11326, Time: 00:25:43

Health: -4/96      AC:  1    Str: 15    XL:     11   Next: 45%
Magic:  14/14      EV: 13    Int: 13    God:    Trog [***...]
Gold:   483        SH:  6    Dex: 21    Spells: 10/10 levels left

rFire    . . .     SeeInvis .   a - +3 dagger (venom)
rCold    . . .     Gourm    .   S - +0 buckler
rNeg     + . .     Faith    .   (helmet restricted)
rPois    .         Spirit   .   (no amulet)
rElec    .         Reflect  .   t - ring of positive energy
rCorr    .         Harm     .   x - ring of stealth
MR       +....                  Q - ring of flight
Stlth    ..........             T - +3 ring of dexterity
HPRegen  0.26/turn              X - ring of protection from magic
MPRegen  0.14/turn              (no ring)
                                (no ring)
                                (no ring)

@: berserking, lethally poisoned (-4 -> -31), very quick
A: almost no armour, stealthy swim, amphibious, 8 rings, constrict 8, camouflage
1, gelatinous body 1
a: Berserk, Trog's Hand, Renounce Religion, Evoke Flight


You were on level 10 of the Dungeon.
You worshipped Trog.
Trog was most pleased with you.
You were very hungry.

You visited 2 branches of the dungeon, and saw 11 of its levels.

You collected 483 gold pieces.

Inventory:

Hand Weapons
 a - a +3 dagger of venom (weapon)
 b - a +0 blowgun
 w - a +2 dagger
Missiles
 c - 53 poisoned needles
 d - 2 curare-tipped needles
 l - 290 stones (quivered)
 o - 25 tomahawks
 B - 3 steel javelins
 Y - 14 javelins
Armour
 S - a +0 buckler (worn)
Jewellery
 t - a ring of positive energy (left tentacle)
 x - a ring of stealth (right tentacle)
 Q - a ring of flight (on tentacle)
 T - a +3 ring of dexterity (on tentacle)
 X - a ring of protection from magic (on tentacle)
Wands
 A - a wand of polymorph (24)
 C - a wand of iceblast (8)
 G - a wand of flame (10)
 H - a wand of paralysis (10)
 I - a wand of digging (10)
 N - a wand of enslavement (16)
Scrolls
 D - 4 scrolls of teleportation
 E - a scroll of blinking {unknown}
 F - 4 scrolls of remove curse {unknown}
 K - a scroll of vulnerability {unknown}
 M - a scroll of fear {unknown}
 O - a scroll of silence {unknown}
 P - 2 scrolls of enchant armour {unknown}
 U - a scroll of fog {unknown}
 W - 3 scrolls of immolation
 Z - a scroll of magic mapping
Potions
 h - 4 potions of lignification
 j - 2 potions of haste
 r - a potion of resistance
 s - 10 potions of curing
 u - 2 potions of degeneration
 v - a potion of agility
 J - a potion of brilliance
 L - a potion of flight {unknown}
 V - a potion of magic
Comestibles
 f - 13 rations
 R - 11 chunks of flesh


   Skills:
 - Level 2.0 Fighting
 * Level 14.0 Short Blades
 - Level 6.0 Throwing
 - Level 1.0 Dodging
 - Level 10.0 Stealth
 - Level 4.0 Shields
 - Level 4.0 Evocations


You had 10 spell levels left.
You didn't know any spells.
Your spell library was empty.

Dungeon Overview and Level Annotations

Branches:
Dungeon (10/15)            Temple (1/1) D:4            Lair (0/6) D:9
    Orc: D:9-12

Altars:
Ashenzari
Cheibriados
Dithmenos
Elyvilon
Fedhas
Gozag
Hepliaklqana
Kikubaaqudgha
Makhleb
Nemelex Xobeh
Okawaru
Qazlal
Ru
Sif Muna
Trog
Uskayaw
Vehumet
Wu Jian
Xom
Yredelemnul
Zin
The Shining One


Innate Abilities, Weirdness & Mutations

You cannot wear most types of armour.
You are very stealthy in the water. (Stealth+)
You are amphibious.
You can wear up to eight rings at the same time.
You can use your tentacles to constrict eight enemies at once.
Your skin changes colour to match your surroundings (Stealth+).
Your rubbery body absorbs attacks. (AC +1, EV +1)


Message History

The killer bee poisons you!
The killer bee stings you but does no damage.
You block the killer bee's attack.
You completely miss the killer bee. You grab the killer bee.
Your squeeze misses the killer bee. You constrict the killer bee.
Unknown command.
You closely miss the killer bee. Your grab misses the killer bee.
The killer bee is severely wounded.
You constrict the killer bee, but do no damage.
* * * LOW HITPOINT WARNING * * *
You feel sick.
You kill the killer bee!
Trog accepts your kill. You block the killer bee's attack.
The killer bee barely misses you.
You completely miss the killer bee.
The killer bee is lightly wounded.
You constrict the killer bee, but do no damage.
* * * LOW HITPOINT WARNING * * *
You feel sick. The killer bee stings you!
You die...

. ###
##..##..#
#..'.#
####...#...#
.#.)
##%......#..#
###
#.=.....#...#
#..###(###..#
##..##.#.##..#
#.. #........#
.....#.†y.†.##
...#..@$####
#.###y†## #.#
#..# ### ....
.. ...# +..
.... ...## #.#
''# #### #.#
###..# #.#
.....# #..
...# #..


You could see 2 killer bees.

Vanquished Creatures
  A two-headed ogre (D:8)
  A manticore (D:8)
  Maurice (D:9)
  A kobold demonologist (D:8)
  Grinder (D:3)
  3 hippogriffs
  Prince Ribbit (D:7)
  A shadow (D:8)
  10 yaks (D:10)
  A human (D:7)
  4 hogs (D:7)
  2 porcupines (D:9)
  A water moccasin (D:7)
  A phantom (D:6)
  3 ice beasts
  4 orc warriors
  A sky beast (D:6)
  4 ogres
  7 centaurs
  A big kobold (D:7)
  7 bullfrogs
  A gnoll sergeant (D:8)
  2 scorpions
  4 killer bees (D:10)
  4 wights (D:6)
  3 howler monkeys
  2 vampire bats (D:7)
  4 crimson imps
  2 quasits
  3 orc priests
  6 orc wizards
  A jelly (D:8)
  6 hounds
  2 iguanas
  Jessica (D:8)
  Natasha (thrice) (D:3)
  3 worker ants
  A killer bee zombie (D:8)
  3 hound zombies
  6 hound skeletons
  2 worker ant zombies
  3 gnolls (D:8)
  7 adders
  2 shadow imps
  A white imp (D:7)
  An ooze (D:2)
  An adder zombie (D:8)
  An adder skeleton (D:5)
  4 worms
  2 dart slugs (D:1)
  5 leopard geckos
  29 orcs
  2 ball pythons
  4 bat skeletons (D:7)
  2 bat zombies (D:7)
  7 giant cockroaches
  5 goblins
  11 hobgoblins
  2 jackals (D:8)
  6 quokkas
  8 bats
  9 frilled lizards
  17 kobolds
  A leopard gecko zombie (D:5)
  2 quokka skeletons
  11 rats
258 creatures vanquished.

Notes
Turn   | Place    | Note
-------+----------+-------------------------------------------
     0 | D:1      | taqueso the Octopode Assassin began the quest for the Orb.
     0 | D:1      | Reached XP level 1. HP: 14/14 MP: 1/1
   195 | D:1      | Reached XP level 2. HP: 19/19 MP: 2/2
   218 | D:1      | Reached skill level 3 in Short Blades
   505 | D:1      | Reached XP level 3. HP: 15/24 MP: 3/3
  1093 | D:2      | Found an opulent altar of Gozag.
  1258 | D:2      | Reached skill level 4 in Short Blades
  1440 | D:2      | Reached XP level 4. HP: 25/29 MP: 4/4
  1914 | D:3      | Noticed Natasha
  1917 | D:3      | Killed Natasha
  1937 | D:3      | Found an opulent altar of Gozag.
  1966 | D:3      | Noticed Natasha
  1974 | D:3      | Killed Natasha
  1974 | D:3      | Reached skill level 5 in Short Blades
  1974 | D:3      | Reached XP level 5. HP: 28/34 MP: 5/5
  2359 | D:3      | Noticed Natasha
  2374 | D:3      | Killed Natasha
  2497 | D:3      | Noticed Grinder
  2511 | D:3      | Killed Grinder
  2511 | D:3      | Reached skill level 6 in Short Blades
  2511 | D:3      | Reached XP level 6. HP: 24/39 MP: 6/6
  2874 | D:4      | Reached skill level 7 in Short Blades
  2915 | D:4      | Found a staircase to the Ecumenical Temple.
  2921 | Temple   | Entered the Ecumenical Temple
  2992 | Temple   | Became a worshipper of Trog the Wrathful
  3034 | D:4      | Reached XP level 7. HP: 45/45 MP: 7/7
  3114 | D:4      | Found a sacrificial altar of Ru.
  3646 | D:5      | Entered Level 5 of the Dungeon
  4294 | D:5      | Reached * piety under Trog
  4294 | D:5      | Reached skill level 8 in Short Blades
  4403 | D:5      | Found a shattered altar of Ashenzari.
  4739 | D:6      | Reached XP level 8. HP: 26/50 MP: 8/8
  5314 | D:6      | Reached skill level 9 in Short Blades
  5636 | D:6      | Found a shadowy altar of Dithmenos.
  5750 | D:6      | Found a basalt altar of Yredelemnul.
  6131 | D:7      | Reached skill level 1 in Evocations
  6223 | D:7      | Noticed a hippogriff
  6233 | D:7      | Killed a hippogriff
  6233 | D:7      | Reached skill level 10 in Short Blades
  6233 | D:7      | Reached skill level 1 in Shields
  6233 | D:7      | Reached XP level 9. HP: 20/54 MP: 8/10
  6233 | D:7      | Noticed Prince Ribbit
  6678 | D:7      | Killed Prince Ribbit
  6921 | D:7      | Found an ornate altar of the Wu Jian Council.
  7234 | D:7      | Reached skill level 11 in Short Blades
  7234 | D:7      | Reached skill level 10 in Stealth
  7373 | D:7      | Reached ** piety under Trog
  7384 | D:7      | Found an ancient bone altar of Kikubaaqudgha.
  7442 | D:8      | Reached XP level 10. HP: 60/60 MP: 13/13
  7720 | D:8      | Found a snail-covered altar of Cheibriados.
  7750 | D:8      | Noticed a two-headed ogre
  7763 | D:8      | Killed a two-headed ogre
  7764 | D:8      | Found a sparkling altar of Nemelex Xobeh.
  7780 | D:8      | Reached skill level 12 in Short Blades
  8068 | D:8      | Found a radiant altar of Vehumet.
  8202 | D:8      | Found a white marble altar of Elyvilon.
  8260 | D:8      | Noticed Jessica
  8269 | D:8      | Killed Jessica
  8275 | D:8      | Found a deep blue altar of Sif Muna.
  8382 | D:8      | Noticed a manticore
  8391 | D:8      | Killed a manticore
  8405 | D:8      | Noticed a kobold demonologist
  8419 | D:8      | Killed a kobold demonologist
  9111 | D:9      | Reached *** piety under Trog
  9329 | D:9      | Reached skill level 5 in Throwing
  9411 | D:9      | Noticed Maurice
  9419 | D:9      | Killed Maurice
  9419 | D:9      | Reached skill level 13 in Short Blades
  9419 | D:9      | Reached XP level 11. HP: 55/64 MP: 14/14
  9711 | D:9      | Found a burning altar of Makhleb.
  9990 | D:9      | Found a staircase to the Lair.
 10249 | D:10     | Entered Level 10 of the Dungeon
 11171 | D:10     | Received a gift from Trog
 11309 | D:10     | Reached skill level 14 in Short Blades
 11326 | D:10     | Slain by a killer bee

Vault maps used:
D:1:      minmay_arrival_open_corners
D:2:      kennysheep_big_flooded_room,
          nicolae_gozag_cash_rules_everything_around_me
D:3:      first_ration, lemuel_tele_altar, uniq_grinder, uniq_natasha
D:4:      minmay_temple_entry_enclosed_plants, nicolae_ru_path_of_blood
D:5:      lemuel_coloured_pillars_altar, kennysheep_boxes
D:6:      kennysheep_little_box, grunt_dithmenos_shadows
D:7:      kennysheep_vampire_church, nicolae_overflow_crystal_walls,
          st_stairs_14, grunt_livestock, minmay_fire_ice_demons,
          uniq_prince_ribbit1
D:8:      tgw_sif, old_standard_altar, cheibriados_altar_1,
          hangedman_feature_mirror, minmay_pinched_square
D:9:      grunt_lair_entry_orc_guard_hut, lemuel_centaur_altar, uniq_maurice
D:10:     hangedman_corner_corridor
Temple:   cyrus_circular_temple

Skill      XL: |  1  2  3  4  5  6  7  8  9 10 11 |
---------------+----------------------------------+-----
Short Blades   | 3 4 5 6 7 8 10 11 13 14 | 14.0
Stealth        | 6 8 10 | 10.0
Evocations     | 1 4 |  4.0
Shields        | 1 3 4 |  4.0
Throwing       | 5 6 |  6.0
Fighting       | |  2.0
Dodging        | |  1.0

Action                   |  1- 3 |  4- 6 |  7- 9 | 10-12 || total
-------------------------+-------+-------+-------+-------++-------
Melee: Dagger            |    68 |    84 |   260 |   286 ||   698
       Constrict         |    22 |    18 |    49 |    40 ||   129
       Tentacles         |    11 |    17 |    52 |    79 ||   159
       Unarmed           |       |     5 |       |       ||     5
Throw: Stone             |    70 |    58 |    96 |   102 ||   326
       Tomahawk          |     1 |       |       |       ||     1
Invok: Berserk           |       |       |     7 |    12 ||    19
       Trog's Hand       |       |       |       |     1 ||     1
Evoke: Wand              |       |       |     5 |     8 ||    13
  Use: Potion            |       |     1 |     1 |     3 ||     5
       Scroll            |       |     6 |     5 |     5 ||    16
 Stab: Sleeping          |     1 |    10 |    14 |    11 ||    36
       Paralysed         |       |       |     3 |     5 ||     8
  Eat: Chunk             |     1 |     6 |    13 |    18 ||    38
       Ration            |       |       |     2 |     1 ||     3
Armor: Skin              |     3 |     2 |     7 |     5 ||    17
Dodge: Dodged            |    29 |    42 |    98 |    88 ||   257
Block: Buckler           |       |       |     2 |    46 ||    48

Table legend:
 A = Non-vault XP
 B = Vault XP
 C = Vault XP percentage of total XP
 D = Non-vault monster count
 E = Vault monster count
 F = Vault count percentage of total count
                 A         B        C        D         E       F
            +---------+---------+-------+---------+---------+-------
      Total |    7897 |    5477 |  41.0 |     210 |      48 |  18.6
            +---------+---------+-------+---------+---------+-------
        D:1 |      50 |       0 |   0.0 |      29 |       0 |   0.0
        D:2 |      44 |       7 |  13.7 |      17 |       2 |  10.5
        D:3 |     124 |     307 |  71.2 |      26 |       2 |   7.1
        D:4 |     149 |       0 |   0.0 |      14 |       0 |   0.0
        D:5 |     347 |       0 |   0.0 |      19 |       0 |   0.0
        D:6 |     654 |     133 |  16.9 |      17 |       1 |   5.6
        D:7 |    1230 |    1565 |  56.0 |      23 |      17 |  42.5
        D:8 |    1809 |    2021 |  52.8 |      23 |      17 |  42.5
        D:9 |     386 |    1444 |  78.9 |       9 |       9 |  50.0
       D:10 |    3104 |       0 |   0.0 |      33 |       0 |   0.0
            +---------+---------+-------+---------+---------+-------
